 Dungeon Crawl Stone Soup version 0.30-a0-852-g08b95dd62f (webtiles) character file.

Game seed: 2136946617153292962

8738 cheesebisquit the Grappler (level 11, -2/94 HPs)
             Began as a Troll Fighter on Mar 4, 2023.
             Slain by an unseen horror (6 damage)
             ... on level 10 of the Dungeon.
             The game lasted 00:36:18 (11056 turns).

cheesebisquit the Grappler (Troll Fighter)         Turns: 11056, Time: 00:36:19

Health: -2/94      AC:  8    Str: 30    XL:     11   Next: 13%
Magic:  10/10      EV:  8    Int:  4    God:
Gold:   948        SH: 12    Dex:  9    Spells: 10/10 levels left

rFire   . . .      SeeInvis .      - Unarmed
rCold   + . .      Faith    .    b - +0 kite shield
rNeg    . . .      Spirit   .    S - +0 acid dragon scales
rPois   .          Reflect  +    (helmet restricted)
rElec   .          Rampage  .    (no cloak)
rCorr   +                        (gloves unavailable)
Will    .....                    (boots unavailable)
Stlth   +                        A - amulet of reflection
HPRegen 1.15/turn                B - ring of flight
MPRegen 0.12/turn                k - ring of protection from cold

@: about to teleport, flying
A: large, unfitting armour, claws 3, regeneration 1, shaggy fur 1, tough skin 1
a: no special abilities


You were on level 10 of the Dungeon.
You visited 2 branches of the dungeon, and saw 11 of its levels.
You also visited: Ossuary and Bailey.

You collected 948 gold pieces.

Inventory:

Hand Weapons
 r - a +0 giant spiked club
 z - a +3 antimagic dagger
Missiles
 c - 13 boomerangs (quivered)
 G - 5 poisoned darts
 I - 41 stones
 P - 4 large rocks
 Q - 2 atropa-tipped darts
Armour
 b - a +0 kite shield (worn)
 S - +0 acid dragon scales (worn)
Jewellery
 d - a ring of protection from fire
 g - a ring of resist corrosion
 k - a ring of protection from cold (right claw)
 l - an amulet of magic regeneration
 A - an amulet of reflection (around neck)
 B - a ring of flight (left claw)
 D - a ring of magical power
Wands
 x - a wand of digging (1)
 E - a wand of polymorph (5)
 F - a wand of light (10)
Scrolls
 a - a scroll of silence {unknown}
 h - 5 scrolls of identify {unknown}
 i - 2 scrolls of noise {unknown}
 j - 6 scrolls of teleportation
 n - a scroll of enchant armour {unknown}
 p - 3 scrolls of fog {unknown}
 q - 5 scrolls of immolation {unknown}
 s - 3 scrolls of amnesia {unknown}
 v - 3 scrolls of vulnerability {unknown}
 y - a scroll of fear {unknown}
 C - a scroll of summoning {unknown}
 J - 2 scrolls of blinking {unknown}
 O - a scroll of poison {unknown}
 R - a scroll of magic mapping
 T - a scroll of enchant weapon {unknown}
Potions
 f - 4 potions of degeneration
 m - a potion of ambrosia {unknown}
 o - 6 potions of lignification {unknown}
 t - a potion of mutation {unknown}
 u - 3 potions of berserk rage {unknown}
 w - 2 potions of magic {unknown}
 H - 5 potions of flight
 K - 2 potions of brilliance {unknown}
 L - a potion of curing
 M - 2 potions of attraction {unknown}
Miscellaneous
 N - a lightning rod (4/4)


   Skills:
 - Level 2.4 Fighting
 + Level 11.2 Throwing
 - Level 2.4 Dodging
 - Level 2.6 Shields
 + Level 12.4 Unarmed Combat


You had 10 spell levels left.
You didn't know any spells.
Your spell library contained the following spells:

 Spells                   Type           Power      Damage    Failure   Level
 Freeze                   Ice            0%         1d3       86%         1
 Kiss of Death            Conj/Necr      0%         2d5       86%         1
 Magic Dart               Conj           0%         1d3       86%         1
 Necrotise                Necr           0%         1d4       86%         1
 Call Imp                 Summ           0%         N/A       95%         2
 Searing Ray              Conj           0%         2d4       95%         2
 Sublimation of Blood     Necr           0%         N/A       95%         2
 Confusing Touch          Hex            0%         N/A       99%         3
 Frozen Ramparts          Ice            0%         1d1       99%         3
 Hailstorm                Conj/Ice       0%         3d3       99%         3
 Kindle Blastsparks       Fire/Tloc/Air  0%         2d10      99%         3
 Mephitic Cloud           Conj/Pois/Air  0%         N/A       99%         3
 Stone Arrow              Conj/Erth      0%         3d7       99%         3
 Tukima's Dance           Hex            0%         N/A       99%         3
 Vampiric Draining        Necr           0%         2d6       99%         3
 Animate Armour           Summ/Erth      0%         N/A       100%        4
 Cause Fear               Hex            0%         N/A       100%        4
 Dispel Undead            Necr           0%         3d6       100%        4
 Fulminant Prism          Conj/Hex       0%         3d5       100%        4
 Iskenderun's Mystic Bla  Conj/Tloc      0%         2d3       100%        4
 Passage of Golubria      Tloc           0%         N/A       100%        4
 Petrify                  Tmut/Erth      0%         N/A       100%        4
 Agony                    Necr           0%         N/A       100%        5
 Irradiate                Conj/Tmut      0%         3d11      100%        5
 Lee's Rapid Deconstruct  Erth           0%         3d4*      100%        5
 Yara's Violent Unravell  Hex/Tmut       0%         3d3       100%        5
 Dragon Form              Tmut           0%         N/A       100%        7
 Lehudib's Crystal Spear  Conj/Erth      0%         10d2      100%        8
 Dragon's Call            Summ           0%         N/A       100%        9


Dungeon Overview and Level Annotations

Branches:
Dungeon (10/15)            Temple (1/1) D:5             Orc (0/2) D:9
Ossuary (visited)          Bailey (visited)
   Lair: D:8-11

Altars:
Cheibriados
Dithmenos
Elyvilon
Gozag
Hepliaklqana
Kikubaaqudgha
Makhleb
Nemelex Xobeh
Okawaru
Qazlal
Ru
Sif Muna
Trog
Uskayaw
Vehumet
Wu Jian
Xom
Yredelemnul
Zin
The Shining One

Shops:
D:1 =   D:7 [

Annotations:
D:2 1 runed translucent door, Crazy Yiuf


Innate Abilities, Weirdness & Mutations

You are too large for most types of armour.
You have claws for hands.
Your natural rate of healing is unusually fast.
You are covered in fur. (AC +1)
You have tough skin. (AC +1)


Message History

Something hits you but does no damage. You block the orc's attack.
The orc warrior hits you from afar with a +0 trident.
* * * LOW HITPOINT WARNING * * *
You miss something.
Something hits you but does no damage. x2
The orc warrior hits you from afar with a +0 trident!
* * * LOW HITPOINT WARNING * * *
Something hits you but does no damage.
You hear some strange, mumbled words.
A puff of flame appears from out of thin air!
The puff of flame reflects off an invisible shield around you!
The puff of flame hits the orc!
You kill the orc!
Something hits you.
* * * LOW HITPOINT WARNING * * *
Okay, then.
Okay, then.
Something hits you but does no damage.
A magic dart appears from out of thin air!
The magic dart hits you.
* * * LOW HITPOINT WARNING * * *
Something hits you but does no damage. You block something's attack.
Something hits you but does no damage. Something hits you but does no damage.
You block something's attack. Something hits you.
* * * LOW HITPOINT WARNING * * *
Something hits you but does no damage. Something hits you.
* * * LOW HITPOINT WARNING * * *
Something hits you.
* * * LOW HITPOINT WARNING * * *
Something hits you but does no damage. Something hits you but does no damage.
You block something's attack. Something hits you but does no damage.
Something hits you.
* * * LOW HITPOINT WARNING * * *
As you read the scroll of teleportation, it crumbles to dust.
You feel strangely unstable. Something hits you but does no damage.
The orc warrior barely misses you. Something hits you.
You die...

########## #...........#
#######...........#
#.................#
#.................#
#.................###
#........)...........
#.........[.......#
#......@#..#..##########
#.......#....#..........
#.......##.###......)..)
#.......o...o..........[
###+#####.#####+########
#...........#.#
#.####.####.#.######
...............#
#.#####.#.#.####...+


You could see an orc warrior.

Vanquished Creatures
  A two-headed ogre (D:9)
  2 orc knights (Bailey)
  A gargoyle (D:10)
  A hornet (D:8)
  A shadow (D:10)
  A wyvern (D:10)
  5 yaks (D:8)
  Eustachio (D:6)
  3 vampire mosquitoes (D:6)
  4 steam dragons
  Grum (D:8)
  An acid dragon (D:9)
  2 black bears
  10 orc warriors
  3 ice beasts
  2 ogres
  2 wolves (D:8)
  3 centaurs
  2 phantoms
  A kobold brigand (D:6)
  An elf zombie (Ossuary)
  5 bullfrogs
  A gnoll sergeant (D:9)
  4 scorpions
  6 killer bees (D:8)
  2 vampire bats (D:4)
  An electric eel (D:6)
  3 howler monkeys
  A centaur zombie (Ossuary)
  2 human zombies (Ossuary)
  2 hounds
  5 orc priests
  A gnoll bouda (D:5)
  A sleepcap (D:6)
  Terence (D:2)
  5 iguanas
  9 orc wizards
  2 mummies (Ossuary)
  10 gnolls
  8 adders
  2 shadow imps
  2 ufetubi
  An adder zombie (Ossuary)
  A worm (D:3)
  4 dart slugs
  35 orcs
  3 bat skeletons (D:4)
  2 bat zombies (D:4)
  6 endoplasms
  2 giant cockroaches (D:1)
  13 goblins
  8 hobgoblins
  4 jackals
  21 kobolds
  4 quokkas
  7 ball pythons
  5 bats
  3 frilled lizards
  3 goblin zombies (Ossuary)
  7 hobgoblin zombies (Ossuary)
  2 jackal zombies (Ossuary)
  10 kobold zombies (Ossuary)
  10 orc zombies (Ossuary)
  9 rats
281 creatures vanquished.

Vanquished Creatures (others)
  A white imp (D:6)
  6 fungi (D:7)
7 creatures vanquished.

Grand Total: 288 creatures vanquished

Notes
Turn   | Place    | Note
-------+----------+-------------------------------------------
     0 | D:1      | cheesebisquit the Troll Fighter began the quest for the
                  | Orb.
     0 | D:1      | Reached XP level 1. HP: 22/22 MP: 0/0
    70 | D:1      | Found Norewnix's Jewellery Shoppe.
   206 | D:1      | Reached XP level 2. HP: 29/29 MP: 1/1
   289 | D:1      | Reached skill level 1 in Throwing
   729 | D:1      | Reached XP level 3. HP: 36/36 MP: 2/2
   740 | D:1      | Reached skill level 3 in Unarmed Combat
  1089 | D:2      | Noticed Terence
  1097 | D:2      | Killed Terence
  1098 | D:2      | Reached XP level 4. HP: 36/44 MP: 3/3
  1589 | D:2      | Found a runed translucent door.
  1590 | D:2      | Noticed Crazy Yiuf
  1956 | D:3      | Noticed a scorpion
  1978 | D:3      | Killed a scorpion
  1979 | D:3      | Reached skill level 4 in Unarmed Combat
  1979 | D:3      | Reached XP level 5. HP: 19/50 MP: 4/4
  2928 | D:4      | Noticed an ogre
  2941 | D:4      | Killed an ogre
  2942 | D:4      | Reached skill level 5 in Unarmed Combat
  2942 | D:4      | Reached XP level 6. HP: 58/59 MP: 5/5
  3005 | D:4      | Found a stormy altar of Qazlal.
  3134 | D:4      | Reached XP level 7. HP: 54/66 MP: 6/6
  3460 | D:4      | Found an ancient bone altar of Kikubaaqudgha.
  3466 | D:4      | Reached skill level 5 in Throwing
  3466 | D:4      | Reached skill level 6 in Unarmed Combat
  3545 | D:5      | Entered Level 5 of the Dungeon
  3585 | D:5      | Found a sand-covered staircase.
  3594 | Ossuary  | Entered an ossuary
  3935 | D:5      | Found an opulent altar of Gozag.
  4050 | D:5      | Found a bloodstained altar of Trog.
  4226 | D:5      | Reached XP level 8. HP: 53/74 MP: 7/7
  4307 | D:5      | Reached skill level 7 in Unarmed Combat
  4619 | D:5      | Found a staircase to the Ecumenical Temple.
  4632 | Temple   | Entered the Ecumenical Temple
  5003 | D:5      | Found a glowing silver altar of Zin.
  5293 | D:6      | Noticed Eustachio
  5302 | D:6      | Killed Eustachio
  5439 | D:6      | Reached skill level 8 in Unarmed Combat
  5683 | D:6      | Reached XP level 9. HP: 71/80 MP: 8/8
  5779 | D:6      | Reached skill level 9 in Unarmed Combat
  6570 | D:7      | Found Erroub's Antique Armour Shop.
  6596 | D:7      | Found a sacrificial altar of Ru.
  6598 | D:7      | Found a flagged portal.
  6626 | Bailey   | Entered a bailey
  6786 | Bailey   | Noticed an orc knight
  6907 | Bailey   | Noticed an orc knight
  7315 | Bailey   | Killed an orc knight
  7316 | Bailey   | Reached skill level 10 in Unarmed Combat
  7796 | Bailey   | Killed an orc knight
  7797 | Bailey   | Reached XP level 10. HP: 39/88 MP: 9/9
  8082 | D:7      | Found a burning altar of Makhleb.
  8567 | D:8      | Reached skill level 11 in Unarmed Combat
  8635 | D:8      | Found an iron altar of Okawaru.
  8756 | D:8      | Reached skill level 10 in Throwing
  8806 | D:8      | Noticed Grum
  8849 | D:8      | Killed Grum
  9389 | D:8      | Found a glowing golden altar of the Shining One.
 10130 | D:9      | Reached skill level 12 in Unarmed Combat
 10459 | D:9      | Found a staircase to the Orcish Mines.
 10635 | D:9      | Found a basalt altar of Yredelemnul.
 10777 | D:9      | Noticed a two-headed ogre
 10785 | D:9      | Killed a two-headed ogre
 10786 | D:9      | Reached XP level 11. HP: 94/94 MP: 10/10
 10863 | D:10     | Entered Level 10 of the Dungeon
 11043 | D:10     | HP: 2/94 [something/magic dart (6)]
 11049 | D:10     | HP: 4/94 [something (3)]
 11054 | D:10     | HP: 2/94 [something (4)]
 11056 | D:10     | Slain by an unseen horror

Illustrated notes

Levels and vault maps discovered:
D:1:      dpeg_arrival_shelter, layout_basic, serial_shops,
          nicolae_shop_crystal, nrook_mini_backslash, minmay_pentomino_q2
D:2:      layout_loops_ring, uniq_terence, uniq_crazy_yiuf_cottage
D:3:      layout_basic
D:4:      layout_cave_pools, grunt_qazlal_clouds, kennysheep_vampire_church
D:5:      layout_loops_corners, pdpol_temple_overflow_zin_treasury_gozag_greed,
          trog_antimagical, minmay_temple_entry_glassed_door,
          lightli_ossuary_entry_decrepit_ruins, nicolae_underground_beach
D:6:      layout_basic, minmay_door_square, kennysheep_small_spiral,
          minmay_circle_x, uniq_eustachio
D:7:      kennysheep_steamy, layout_rooms, lemuel_crystal_altar,
          nicolae_overflow_hidden_temple, enter_bailey_5, serial_shops,
          kennysheep_mini_moat, hangedman_abyss_or_decor_passed,
          grunt_decor_fettered, kennysheep_decorative_pillar
D:8:      black_bear_nest_2, layout_layer_cave, mainiacjoe_overflow_alcove_2,
          mainiacjoe_overflow_six_doors_small, hangedman_decor_clover_reticule,
          uniq_grum
D:9:      layout_irregular_city, mainiacjoe_overflow_small_starburst,
          david_orc_2
D:10:     layout_basic, mainiacjoe_overflow_large_starburst,
          grunt_lair_entry_orc_guard_hut
Temple:   eino_wide_crystal_templ

Skill      XL: |  1  2  3  4  5  6  7  8  9 10 |
---------------+-------------------------------+-----
Throwing       | 1 2 3 4 5 7 9 11 | 11.2
Unarmed Combat | 3 4 5 6 8 10 12 | 12.4
Fighting       | |  2.4
Dodging        | |  2.4
Shields        | |  2.6

Action                     |  1- 3 |  4- 6 |  7- 9 | 10-12 || total
---------------------------+-------+-------+-------+-------++-------
  Melee: Unarmed           |    57 |   136 |   344 |   176 ||   713
  Throw: Dart              |    49 |     3 |    11 |       ||    63
         Stone             |     8 |     5 |       |       ||    13
         Throwing net      |       |       |     2 |       ||     2
         Boomerang         |       |       |    80 |    92 ||   172
    Use: Potion            |     1 |     3 |     4 |     4 ||    12
         Scroll            |       |     2 |     1 |     1 ||     4
   Stab: Sleeping          |       |     1 |       |       ||     1
 Armour: Robe              |    15 |    33 |    61 |       ||   109
         Steam dragon scal |       |       |     3 |    41 ||    44
         Acid dragon scale |       |       |       |    50 ||    50
  Dodge: Dodged            |    17 |    33 |    68 |    65 ||   183
  Block: Kite shield       |    18 |    40 |   142 |   165 ||   365
         Reflection        |       |       |     4 |     4 ||     8

Table legend: (Time is in decaauts)
 A = Elapsed time spent in this place.
 B = Non-inter-level travel time spent in this place.
 C = Inter-level travel time spent in this place.
 D = Time resting spent in this place.
 E = Time spent auto-exploring this place.
 F = Levels seen in this place.
 G = Mean time per level.
                   A        B        C        D        E       F      G
               +--------+--------+--------+--------+--------+-----+--------+
         Total |  11035 |  10376 |    659 |   1542 |   6749 |  13 |  848.8 |
       Dungeon |   9359 |   8708 |    651 |    564 |   6432 |  10 |  935.9 |
        Temple |     51 |     43 |      8 |      0 |     35 |   1 |   51.0 |
       Ossuary |    269 |    269 |      0 |      0 |     85 |   1 |  269.0 |
        Bailey |   1353 |   1353 |      0 |    978 |    197 |   1 | 1353.0 |
               +--------+--------+--------+--------+--------+-----+--------+

Top non-repeatable levels by time:
     D:8: 1616 daAuts
     D:5: 1468 daAuts
  Bailey: 1353 daAuts
     D:6: 1265 daAuts
     D:1: 995 daAuts
     D:3: 975 daAuts
     D:2: 893 daAuts
     D:4: 707 daAuts
     D:9: 707 daAuts
     D:7: 541 daAuts
 Ossuary: 269 daAuts
    D:10: 189 daAuts
  Temple: 51 daAuts
